Panthers vs Sabres
(R1)
Created - 11 mars 2017 at 19:07
Goals
|
| Panthers |
0 |
0 |
2 |
2 |
| Sabres |
3 |
2 |
4 |
9 |
|
Shots
|
| Panthers |
5 |
15 |
8 |
28 |
| Sabres |
11 |
12 |
13 |
36 |
|
1st period
1. Sabres , Kyle Okposo 19 (Erik Christensen, Jordan Leopold) at 10:54 (PP)
2. Sabres , Kyle Okposo 20 (Erik Christensen, Zach Bogosian) at 16:22 (PP)
3. Sabres , Matt Martin 7 (Zack Kassian, Brandon Sutter) at 19:02
Penalties :
Ryan Bayda (Flo) for Hooking (Minor) at 9:47, Zach Bogosian (Buf) for Hooking (Minor) at 11:09, Keith Aulie (Flo) for Tripping (Minor) at 16:12
2nd period
4. Sabres , Zack Kassian 15 (Zach Bogosian, Brandon Sutter) at 0:08
5. Sabres , Kyle Okposo 21 (Evander Kane, Zach Bogosian) at 1:58
Penalties :
Scott Gomez (Flo) for Roughing (Double Minor) at 2:03, Kyle Okposo (Buf) for Fighting (Major) at 13:51, Brendan Smith (Flo) for Fighting (Major) at 13:51
3rd period
6. Sabres , Zack Kassian 16 (Evander Kane, Jordan Leopold) at 3:40
7. Sabres , Erik Christensen 13 (Jared Cowen) at 4:27
8. Panthers , Brendan Smith 4 (Steve Montador, Keith Kinkaid) at 5:23 (PP)
9. Panthers , Guillaume Latendresse 34 (Sidney Crosby) at 5:28
10. Sabres , Kyle Okposo 22 (Jared Cowen, Evander Kane) at 18:34
11. Sabres , Kyle Okposo 23 (Evander Kane, J.T. Miller) at 19:20
Penalties :
Brendan Smith (Flo) for Hooking (Minor) at 0:18, Matt Martin (Buf) for Holding (Minor) at 0:47, Rob Scuderi (Buf) for Holding (Minor) at 5:12, Steve Montador (Flo) for Hooking (Minor) at 6:09, Steve Montador (Flo) for Holding (Minor) at 11:19
Goalie Stats
Antti Niemi (Flo), 8 saves from 12 shots - (0,667), L, 20-16-4, 20:08 minutes
Keith Kinkaid (Flo), 19 saves from 24 shots - (0,792), 39:52 minutes
Jonas Hiller (Buf), 26 saves from 28 shots - (0,929), W, 3-5-0, 60:00 minutes
Players Stats for Panthers
Player Name G A P +/- PIM S H SB GA TA FO MP PP MP PK MP
------------------------------------------------------------------------------------
Alexander Perezhogin 0 0 0 0 0 1 1 0 0 0 0/0 6:14 0:00 0:00
Brad Stuart 0 0 0 -2 0 0 2 2 0 3 0/0 23:32 1:24 4:50
Brendan Smith 1 0 1 -4 7 3 1 0 1 1 0/0 25:43 1:44 5:32
Guillaume Latendresse 1 0 1 -3 0 5 4 2 0 0 0/2 25:23 1:39 5:25
Jeff Tambellini 0 0 0 -1 0 2 2 0 1 0 0/0 12:08 0:00 1:41
Keith Aulie 0 0 0 -1 2 1 0 3 0 0 0/0 20:56 0:55 3:42
Keith Ballard 0 0 0 -2 0 0 0 2 0 1 0/0 13:55 0:29 1:30
Loui Eriksson 0 0 0 -2 0 1 3 0 1 0 1/1 13:19 1:00 0:00
Marian Hossa 0 0 0 -2 0 3 0 2 0 0 0/2 17:12 1:10 0:00
Mike Fisher 0 0 0 0 0 2 0 1 0 0 0/2 7:29 0:00 0:50
Nick Schultz 0 0 0 -1 0 0 0 0 0 0 0/0 10:38 0:00 0:08
Peter Prucha 0 0 0 -1 0 0 0 0 0 0 0/0 10:02 0:00 0:00
Ryan Bayda 0 0 0 0 2 0 3 0 0 0 0/1 8:30 0:00 2:17
Scott Gomez 0 0 0 -2 4 1 5 1 0 0 8/12 15:10 1:00 1:11
Sergei Samsonov 0 0 0 -2 0 1 4 1 0 1 0/1 15:56 1:00 2:37
Shawn Horcoff 0 0 0 -1 0 0 1 1 0 1 3/3 10:02 0:00 0:00
Sidney Crosby 0 1 1 -3 0 6 1 0 0 1 14/42 25:23 1:39 5:25
Steve Montador 0 1 1 -3 4 2 2 2 0 0 0/0 27:08 1:15 3:44
Players Stats for Sabres
Player Name G A P +/- PIM S H SB GA TA FO MP PP MP PK MP
------------------------------------------------------------------------------------
Brandon Sutter 0 2 2 2 0 1 2 0 1 0 7/12 12:42 0:30 0:00
Erik Christensen 1 2 3 1 0 3 2 1 2 0 9/12 13:58 5:29 0:03
Evander Kane 0 4 4 3 0 3 2 2 0 0 5/7 23:04 5:23 1:17
J.T. Miller 0 1 1 2 0 0 2 3 1 0 13/26 19:46 3:45 0:13
Jared Cowen 0 2 2 3 0 0 1 1 0 0 0/0 15:09 0:12 1:18
Jaromir Jagr 0 0 0 0 0 2 2 0 0 0 0/1 12:06 0:35 1:19
Jordan Leopold 0 2 2 1 0 2 0 1 0 0 0/0 20:06 3:49 1:21
Kyle Okposo 5 0 5 2 5 7 4 0 2 0 2/2 18:41 5:23 0:00
Matt Martin 1 0 1 3 2 3 0 0 0 0 0/0 16:59 3:44 0:00
Michael Haley 0 0 0 1 0 0 0 0 0 1 0/0 7:35 0:00 0:00
Michael Kostka 0 0 0 3 0 1 1 0 0 0 0/0 19:41 5:54 0:11
Mike Leclerc 0 0 0 1 0 1 1 0 0 0 0/0 9:37 0:00 1:18
Patrik Elias 0 0 0 0 0 3 0 0 0 1 0/0 9:57 0:00 0:00
Randy Jones 0 0 0 1 0 1 2 1 1 1 0/0 19:46 3:37 1:21
Rob Scuderi 0 0 0 2 2 1 0 1 0 0 0/0 20:10 0:00 1:07
Ryan O'Reilly 0 0 0 0 0 3 2 1 0 0 3/5 12:51 0:35 0:00
Zach Bogosian 0 3 3 2 2 3 0 1 0 0 0/0 25:11 5:54 0:00
Zack Kassian 2 1 3 3 0 2 4 0 1 0 1/1 18:28 3:44 1:08
3 Stars
1 - Kyle Okposo (Buf)
2 - Zack Kassian (Buf)
3 - Evander Kane (Buf)
Power Play
Panthers - 1 on 3 Attempt(s) - 33,33%
Sabres - 2 on 7 Attempt(s) - 28,57%
Penalty Kill
Panthers - 5 on 7 Attempt(s) - 71,43%
- Score 0 goal in Penalty Kill
Sabres - 2 on 3 Attempt(s) - 66,67%
- Score 0 goal in Penalty Kill
Team Stat
Panthers - Hits : 29 - Faceoff Wins : 26 - Blocked Shots : 17 - Penalty Minutes : 19
Sabres - Hits : 25 - Faceoff Wins : 40 - Blocked Shots : 12 - Penalty Minutes : 11
Official
Referees : Lee Chris and Jackson Dave
Linesman : David Brisebois and Mark Wheler
Game Notes
Keith Kinkaid enters game at 0:08 of 2nd period
Kyle Okposo has scored a Hat Trick!
Kyle Okposo and Brendan Smith fight to a draw at 13:51 of 2nd period
Finance
Level 1 -- Attendance: 5292 (88,20%) -- Ticket Income 449 820 $
Level 2 -- Attendance: 4742 (94,84%) -- Ticket Income 237 100 $
Level 3 -- Attendance: 1889 (94,45%) -- Ticket Income 56 670 $
Level 4 -- Attendance: 4000 (100,00%) -- Ticket Income 80 000 $
Luxury Box -- Attendance: 969 (96,90%) -- Ticket Income 155 040 $
Game was played at the Duff Garden.
Total Attendance: 16892 (93,84%)
Total Ticket Income: 978 630 $
Other Income: 146 794 $
Total Income: 1 125 424 $
Panthers
5 vs 5 Forward
Center Left Wing Right Wing Time % Phy DF OF
1 Sidney Crosby Guillaume Latendresse Marian Hossa 40 0 2 3
2 Scott Gomez Sergei Samsonov Loui Eriksson 30 0 2 3
3 Shawn Horcoff Jeff Tambellini Peter Prucha 20 1 2 2
4 Mike Fisher Ryan Bayda Alexander Perezhogin 10 1 2 2
5 vs 5 Defense
Defense Defense Time % Phy DF OF
1 Steve Montador Brendan Smith 40 0 2 3
2 Brad Stuart Keith Aulie 30 0 2 3
3 Keith Ballard Nick Schultz 20 1 2 2
4 Steve Montador Brendan Smith 10 0 2 3
PowerPlay Forward
Center Left Wing Right Wing Time % Phy DF OF
1 Sidney Crosby Guillaume Latendresse Marian Hossa 60 1 0 4
2 Scott Gomez Sergei Samsonov Loui Eriksson 40 1 0 4
PowerPlay Defense
Defense Defense Time % Phy DF OF
1 Steve Montador Brendan Smith 60 1 1 3
2 Brad Stuart Keith Aulie 40 1 1 3
Penalty Kill 4 Players Forward
Center Wing Time % Phy DF OF
1 Sidney Crosby Guillaume Latendresse 60 1 3 1
2 Scott Gomez Sergei Samsonov 40 1 3 1
Penalty Kill 4 Players Defense
Defense Defense Time % Phy DF OF
1 Steve Montador Brendan Smith 60 1 4 0
2 Brad Stuart Keith Aulie 40 1 3 1
Penalty Kill - 3 Players Forward
Forward Time % Phy DF OF
1 Scott Gomez 60 1 3 1
2 Sidney Crosby 40 1 3 1
Penalty Kill - 3 Players Defense
Defense Defense Time % Phy DF OF
1 Steve Montador Brendan Smith 60 1 3 1
2 Brad Stuart Keith Aulie 40 1 3 1
4 vs 4 Forward
Center Wing Time % Phy DF OF
1 Sidney Crosby Guillaume Latendresse 60 0 2 3
2 Scott Gomez Marian Hossa 40 0 2 3
4 vs 4 Defense
Defense Defense Time % Phy DF OF
1 Steve Montador Brendan Smith 60 0 2 3
2 Brad Stuart Keith Aulie 40 1 2 2
Last Minutes Offensive
Center Left Wing Right Wing Defense Defense
Sidney Crosby Guillaume Latendresse Marian Hossa Steve Montador Brendan Smith
Last Minutes Defensive
Center Left Wing Right Wing Defense Defense
Scott Gomez Guillaume Latendresse Loui Eriksson Brendan Smith Steve Montador
Goaltenders
Starting : Antti Niemi
Backup : Keith Kinkaid
Extra Forwards
Normal : Scott Gomez, Guillaume Latendresse, Marian Hossa - PP : Scott Gomez, Ryan Bayda - PK : Ryan Bayda
Extra Defensemen
Normal : Keith Aulie, Brendan Smith, Steve Montador - PP : Keith Aulie - PK : Brendan Smith, Steve Montador
Penalty Shots
Sidney Crosby, Sergei Samsonov, Peter Prucha, Marian Hossa, Jeff Tambellini
Sabres
5 vs 5 Forward
Center Left Wing Right Wing Time % Phy DF OF
1 J.T. Miller Evander Kane Kyle Okposo 34 1 2 2
2 Brandon Sutter Matt Martin Zack Kassian 30 1 2 2
3 Ryan O'Reilly Patrik Elias Jaromir Jagr 20 1 2 2
4 Erik Christensen Michael Haley Mike Leclerc 16 1 3 1
5 vs 5 Defense
Defense Defense Time % Phy DF OF
1 Rob Scuderi Zach Bogosian 40 1 3 1
2 Jordan Leopold Randy Jones 30 1 3 1
3 Michael Kostka Jared Cowen 30 1 3 1
4 Jordan Leopold Randy Jones 0 1 3 1
PowerPlay Forward
Center Left Wing Right Wing Time % Phy DF OF
1 Erik Christensen Evander Kane Kyle Okposo 60 1 1 3
2 J.T. Miller Matt Martin Zack Kassian 40 1 1 3
PowerPlay Defense
Defense Defense Time % Phy DF OF
1 Michael Kostka Zach Bogosian 65 1 2 2
2 Jordan Leopold Randy Jones 35 1 3 1
Penalty Kill 4 Players Forward
Center Wing Time % Phy DF OF
1 Jaromir Jagr Mike Leclerc 50 1 4 0
2 Evander Kane Zack Kassian 50 1 3 1
Penalty Kill 4 Players Defense
Defense Defense Time % Phy DF OF
1 Rob Scuderi Jared Cowen 65 1 4 0
2 Jordan Leopold Randy Jones 35 1 4 0
Penalty Kill - 3 Players Forward
Forward Time % Phy DF OF
1 Jaromir Jagr 60 0 5 0
2 Mike Leclerc 40 0 5 0
Penalty Kill - 3 Players Defense
Defense Defense Time % Phy DF OF
1 Rob Scuderi Jared Cowen 65 1 4 0
2 Jordan Leopold Randy Jones 35 1 4 0
4 vs 4 Forward
Center Wing Time % Phy DF OF
1 Erik Christensen Mike Leclerc 60 1 2 2
2 Evander Kane Zack Kassian 40 1 2 2
4 vs 4 Defense
Defense Defense Time % Phy DF OF
1 Rob Scuderi Zach Bogosian 50 1 2 2
2 Jordan Leopold Randy Jones 50 1 3 1
Last Minutes Offensive
Center Left Wing Right Wing Defense Defense
Erik Christensen Evander Kane Kyle Okposo Jordan Leopold Zach Bogosian
Last Minutes Defensive
Center Left Wing Right Wing Defense Defense
Brandon Sutter Mike Leclerc Jaromir Jagr Rob Scuderi Jared Cowen
Goaltenders
Starting : Jonas Hiller
Backup : Robin Lehner
Extra Forwards
Normal : Ryan O'Reilly, J.T. Miller, Evander Kane - PP : Brandon Sutter, Ryan O'Reilly - PK : J.T. Miller
Extra Defensemen
Normal : Jordan Leopold, Randy Jones, Zach Bogosian - PP : Jared Cowen - PK : Michael Kostka, Zach Bogosian
Penalty Shots
Evander Kane, Jaromir Jagr, Mike Leclerc, Erik Christensen, Zack Kassian
% Time on Ice - Panthers
Lines # - Real PCT - Wanted PCT - Time Play
Normal Forward
1 - 38% - 40% - 17:33
2 - 27% - 30% - 12:19
3 - 22% - 20% - 10:02
4 - 14% - 10% - 6:14
Normal Defense
1 - 43% - 40% - 19:43
2 - 28% - 30% - 13:08
3 - 23% - 20% - 10:30
4 - 6% - 10% - 2:47
PP Forward
1 - 62% - 60% - 1:39
2 - 38% - 40% - 1:00
PP Defense
1 - 65% - 60% - 1:44
2 - 35% - 40% - 0:55
PK Forward
1 - 73% - 60% - 7:06
2 - 27% - 40% - 2:37
PK Defense
1 - 74% - 60% - 7:14
2 - 26% - 40% - 2:29
PK3 Forward
1 - 0% - 60%
2 - 0% - 40%
PK3 Defense
1 - 0% - 60%
2 - 0% - 40%
44 Forward
1 - 79% - 60% - 1:11
2 - 21% - 40% - 0:19
44 Defense
1 - 100% - 60% - 1:30
2 - 0% - 40% - 0:00
Last Minute Offensive - 0:00
Last Minute Defensive - 0:00
Total
Forward - 60:00
Defense - 60:00
|
% Time on Ice - Sabres
Lines # - Real PCT - Wanted PCT - Time Play
Normal Forward
1 - 33% - 34% - 15:21
2 - 29% - 30% - 13:15
3 - 22% - 20% - 9:57
4 - 16% - 16% - 7:35
Normal Defense
1 - 41% - 40% - 18:50
2 - 30% - 30% - 13:39
3 - 29% - 30% - 13:29
4 - 0% - 0% - 0:10
PP Forward
1 - 61% - 60% - 5:58
2 - 39% - 40% - 3:45
PP Defense
1 - 63% - 65% - 6:06
2 - 37% - 35% - 3:37
PK Forward
1 - 52% - 50% - 1:22
2 - 48% - 50% - 1:17
PK Defense
1 - 49% - 65% - 1:18
2 - 51% - 35% - 1:21
PK3 Forward
1 - 0% - 60%
2 - 0% - 40%
PK3 Defense
1 - 0% - 65%
2 - 0% - 35%
44 Forward
1 - 77% - 60% - 1:09
2 - 23% - 40% - 0:21
44 Defense
1 - 61% - 50% - 0:55
2 - 39% - 50% - 0:35
Last Minute Offensive - 0:00
Last Minute Defensive - 0:00
Total
Forward - 60:00
Defense - 60:00
|
Play by Play
1st period
0:01 of 1st period - J.T. Miller wins face-off versus Sidney Crosby in neutral zone.
0:06 of 1st period - Wrist shot by Evander Kane.
0:06 of 1st period - Stopped by Antti Niemi without a rebound.
0:07 of 1st period - J.T. Miller wins face-off versus Sidney Crosby in Panthers zone.
0:23 of 1st period - Snap shot by Kyle Okposo.
0:23 of 1st period - Stopped by Antti Niemi with a rebound.
2:01 of 1st period - Slapshot by Evander Kane.
2:01 of 1st period - Shot Misses the Net.
2:03 of 1st period - Slapshot by Jared Cowen.
2:03 of 1st period - Shot Misses the Net.
2:29 of 1st period - Snap shot by Peter Prucha.
2:29 of 1st period - Shot Blocked by Erik Christensen.
3:05 of 1st period - Snap shot by Alexander Perezhogin.
3:05 of 1st period - Stopped by Jonas Hiller without a rebound.
3:06 of 1st period - Brandon Sutter wins face-off versus Mike Fisher in Sabres zone.
3:17 of 1st period - Snap shot by Mike Fisher.
3:17 of 1st period - Stopped by Jonas Hiller without a rebound.
3:18 of 1st period - Scott Gomez wins face-off versus J.T. Miller in Sabres zone.
3:21 of 1st period - Snap shot by Sergei Samsonov.
3:21 of 1st period - Shot Misses the Net.
3:23 of 1st period - Snap shot by Loui Eriksson.
3:23 of 1st period - Shot Blocked by J.T. Miller.
3:25 of 1st period - Slapshot by Brendan Smith.
3:25 of 1st period - Stopped by Jonas Hiller with a rebound.
3:43 of 1st period - Jared Cowen is hit by Steve Montador and loses puck.
5:34 of 1st period - Keith Ballard is hit by Jared Cowen and loses puck.
5:51 of 1st period - Randy Jones is hit by Alexander Perezhogin and loses puck.
6:29 of 1st period - Rob Scuderi is hit by Sergei Samsonov.
6:30 of 1st period - Icing by Rob Scuderi.
6:31 of 1st period - Scott Gomez wins face-off versus Erik Christensen in Sabres zone.
6:34 of 1st period - Snap shot by Scott Gomez.
6:34 of 1st period - Deflect By Zach Bogosian.
6:34 of 1st period - Shot Misses the Net.
6:34 of 1st period - Puck is out of play.
6:35 of 1st period - Sidney Crosby wins face-off versus Evander Kane in Sabres zone.
7:27 of 1st period - Randy Jones is hit by Shawn Horcoff and loses puck.
7:44 of 1st period - Marian Hossa is hit by Erik Christensen.
8:18 of 1st period - Slapshot by Alexander Perezhogin.
8:18 of 1st period - Shot Blocked by J.T. Miller.
9:41 of 1st period - Snap shot by Kyle Okposo.
9:41 of 1st period - Shot Misses the Net.
9:47 of 1st period - Minor Penalty to Ryan Bayda for Hooking.
9:48 of 1st period - Sidney Crosby wins face-off versus Evander Kane in Panthers zone.
10:31 of 1st period - Off-side.
10:32 of 1st period - Erik Christensen wins face-off versus Sidney Crosby in neutral zone.
10:41 of 1st period - Snap shot by Erik Christensen.
10:41 of 1st period - Stopped by Antti Niemi without a rebound.
10:42 of 1st period - Erik Christensen wins face-off versus Sidney Crosby in Panthers zone.
10:49 of 1st period - Steve Montador is hit by Erik Christensen and loses puck.
10:54 of 1st period - Wrist shot by Erik Christensen.
10:54 of 1st period - Deflect By Kyle Okposo.
10:54 of 1st period - Goal by Kyle Okposo - Panthers : 0 - Sabres : 1.
10:55 of 1st period - Sidney Crosby wins face-off versus J.T. Miller in neutral zone.
11:09 of 1st period - Minor Penalty to Zach Bogosian for Hooking.
11:10 of 1st period - Sidney Crosby wins face-off versus Jaromir Jagr in Sabres zone.
11:40 of 1st period - Jared Cowen is hit by Loui Eriksson and loses puck.
12:35 of 1st period - Snap shot by Mike Leclerc.
12:35 of 1st period - Shot Blocked by Brad Stuart.
13:09 of 1st period - Penalty to Zach Bogosian is over, Zach Bogosian is back on ice.
13:44 of 1st period - Zach Bogosian is hit by Ryan Bayda.
14:10 of 1st period - Wrist shot by Erik Christensen.
14:10 of 1st period - Shot Blocked by Brad Stuart.
14:45 of 1st period - Wrist shot by Shawn Horcoff.
14:45 of 1st period - Shot Misses the Net.
14:47 of 1st period - Slapshot by Brendan Smith.
14:47 of 1st period - Stopped by Jonas Hiller without a rebound.
14:48 of 1st period - Sidney Crosby wins face-off versus J.T. Miller in Sabres zone.
14:55 of 1st period - Wrist shot by Guillaume Latendresse.
14:55 of 1st period - Stopped by Jonas Hiller without a rebound.
14:56 of 1st period - Evander Kane wins face-off versus Sidney Crosby in Sabres zone.
15:21 of 1st period - Randy Jones is hit by Scott Gomez and loses puck.
15:44 of 1st period - Slapshot by Zach Bogosian.
15:44 of 1st period - Shot Blocked by Keith Aulie.
16:12 of 1st period - Minor Penalty to Keith Aulie for Tripping.
16:13 of 1st period - Erik Christensen wins face-off versus Sidney Crosby in Panthers zone.
16:22 of 1st period - Wrist shot by Kyle Okposo.
16:22 of 1st period - Goal by Kyle Okposo - Panthers : 0 - Sabres : 2.
16:23 of 1st period - Brandon Sutter wins face-off versus Sidney Crosby in neutral zone.
16:32 of 1st period - Slapshot by Zack Kassian.
16:32 of 1st period - Shot Misses the Net.
16:38 of 1st period - Snap shot by Zack Kassian.
16:38 of 1st period - Shot Blocked by Marian Hossa.
16:57 of 1st period - Snap shot by Jaromir Jagr.
16:57 of 1st period - Shot Misses the Net.
17:13 of 1st period - Kyle Okposo is hit by Scott Gomez and loses puck.
17:44 of 1st period - Peter Prucha is hit by Michael Kostka and loses puck.
18:01 of 1st period - Snap shot by Mike Leclerc.
18:01 of 1st period - Shot Blocked by Mike Fisher.
18:19 of 1st period - Snap shot by Zach Bogosian.
18:19 of 1st period - Stopped by Antti Niemi with a rebound.
18:21 of 1st period - Wrist shot by Ryan O'Reilly.
18:21 of 1st period - Shot Misses the Net.
18:23 of 1st period - Snap shot by Zach Bogosian.
18:23 of 1st period - Deflect By Scott Gomez.
18:23 of 1st period - Stopped by Antti Niemi with a rebound.
18:25 of 1st period - Backhand shot by Rob Scuderi.
18:25 of 1st period - Stopped by Antti Niemi without a rebound.
18:26 of 1st period - Sidney Crosby wins face-off versus J.T. Miller in Panthers zone.
18:51 of 1st period - Scott Gomez is hit by Zack Kassian and loses puck.
19:00 of 1st period - Snap shot by Zack Kassian.
19:00 of 1st period - Shot Misses the Net.
19:02 of 1st period - Slapshot by Matt Martin.
19:02 of 1st period - Goal by Matt Martin - Panthers : 0 - Sabres : 3.
19:03 of 1st period - J.T. Miller wins face-off versus Sidney Crosby in neutral zone.
19:30 of 1st period - Wrist shot by Patrik Elias.
19:30 of 1st period - Stopped by Antti Niemi with a rebound.
19:32 of 1st period - Slapshot by Randy Jones.
19:32 of 1st period - Shot Blocked by Guillaume Latendresse.
19:34 of 1st period - Slapshot by Jordan Leopold.
19:34 of 1st period - Deflect By Guillaume Latendresse.
19:34 of 1st period - Stopped by Antti Niemi without a rebound.
19:35 of 1st period - Ryan O'Reilly wins face-off versus Scott Gomez in Panthers zone.
19:38 of 1st period - Wrist shot by Patrik Elias.
19:38 of 1st period - Shot Misses the Net.
19:40 of 1st period - Snap shot by Patrik Elias.
19:40 of 1st period - Shot Blocked by Scott Gomez.
19:42 of 1st period - Wrist shot by Jaromir Jagr.
19:42 of 1st period - Shot Blocked by Keith Aulie.
Goals for this period are 0 for Panthers vs 3 for Sabres.
Shots for this period are 5 for Panthers vs 11 for Sabres.
2nd period
0:01 of 2nd period - Brandon Sutter wins face-off versus Marian Hossa in neutral zone.
0:06 of 2nd period - Snap shot by Zack Kassian.
0:06 of 2nd period - Shot Misses the Net.
0:08 of 2nd period - Snap shot by Zack Kassian.
0:08 of 2nd period - Goal by Zack Kassian - Panthers : 0 - Sabres : 4.
0:08 of 2nd period - Keith Kinkaid enters game.
0:09 of 2nd period - Sidney Crosby wins face-off versus J.T. Miller in neutral zone.
0:36 of 2nd period - Matt Martin is hit by Steve Montador and loses puck.
0:47 of 2nd period - Wrist shot by Loui Eriksson.
0:47 of 2nd period - Stopped by Jonas Hiller without a rebound.
0:48 of 2nd period - J.T. Miller wins face-off versus Sergei Samsonov in Sabres zone.
1:03 of 2nd period - J.T. Miller is hit by Scott Gomez and loses puck.
1:21 of 2nd period - Guillaume Latendresse is hit by Zack Kassian and loses puck.
1:36 of 2nd period - Wrist shot by Patrik Elias.
1:36 of 2nd period - Shot Misses the Net.
1:38 of 2nd period - Slapshot by Patrik Elias.
1:38 of 2nd period - Stopped by Keith Kinkaid with a rebound.
1:40 of 2nd period - Slapshot by Michael Kostka.
1:40 of 2nd period - Deflect By Ryan O'Reilly.
1:40 of 2nd period - Stopped by Keith Kinkaid with a rebound.
1:42 of 2nd period - Slapshot by Michael Kostka.
1:42 of 2nd period - Shot Misses the Net.
1:44 of 2nd period - Slapshot by Michael Kostka.
1:44 of 2nd period - Deflect By Ryan O'Reilly.
1:44 of 2nd period - Stopped by Keith Kinkaid without a rebound.
1:45 of 2nd period - J.T. Miller wins face-off versus Guillaume Latendresse in Panthers zone.
1:58 of 2nd period - Snap shot by Evander Kane.
1:58 of 2nd period - Deflect By Kyle Okposo.
1:58 of 2nd period - Goal by Kyle Okposo - Panthers : 0 - Sabres : 5.
1:59 of 2nd period - Scott Gomez wins face-off versus Brandon Sutter in neutral zone.
2:03 of 2nd period - Double Minor Penalty to Scott Gomez for Roughing.
2:04 of 2nd period - Erik Christensen wins face-off versus Sidney Crosby in Panthers zone.
2:19 of 2nd period - Slapshot by Evander Kane.
2:19 of 2nd period - Stopped by Keith Kinkaid without a rebound.
2:20 of 2nd period - Erik Christensen wins face-off versus Sidney Crosby in Panthers zone.
3:16 of 2nd period - Wrist shot by Sidney Crosby.
3:16 of 2nd period - Shot Misses the Net.
4:31 of 2nd period - Guillaume Latendresse is hit by Randy Jones and loses puck.
4:36 of 2nd period - Slapshot by Brandon Sutter.
4:36 of 2nd period - Stopped by Keith Kinkaid without a rebound.
4:37 of 2nd period - Evander Kane wins face-off versus Sidney Crosby in Panthers zone.
4:57 of 2nd period - Matt Martin is hit by Ryan Bayda and loses puck.
5:38 of 2nd period - Sidney Crosby is hit by Jaromir Jagr.
5:53 of 2nd period - Icing by Randy Jones.
5:54 of 2nd period - Erik Christensen wins face-off versus Mike Fisher in Sabres zone.
6:03 of 2nd period - Penalty to Scott Gomez is over, Scott Gomez is back on ice.
7:33 of 2nd period - Snap shot by Jeff Tambellini.
7:33 of 2nd period - Shot Blocked by Randy Jones.
7:35 of 2nd period - Slapshot by Keith Aulie.
7:35 of 2nd period - Stopped by Jonas Hiller with a rebound.
7:55 of 2nd period - Wrist shot by Evander Kane.
7:55 of 2nd period - Shot Misses the Net.
8:13 of 2nd period - Off-side.
8:14 of 2nd period - Erik Christensen wins face-off versus Sidney Crosby in neutral zone.
8:17 of 2nd period - Snap shot by Zach Bogosian.
8:17 of 2nd period - Shot Misses the Net.
8:19 of 2nd period - Slapshot by Rob Scuderi.
8:19 of 2nd period - Deflect By Erik Christensen.
8:19 of 2nd period - Shot Misses the Net.
8:19 of 2nd period - Puck is out of play.
8:20 of 2nd period - Sidney Crosby wins face-off versus J.T. Miller in Panthers zone.
8:49 of 2nd period - Snap shot by Zack Kassian.
8:49 of 2nd period - Shot Misses the Net.
8:51 of 2nd period - Slapshot by Michael Kostka.
8:51 of 2nd period - Stopped by Keith Kinkaid with a rebound.
9:21 of 2nd period - Snap shot by Ryan O'Reilly.
9:21 of 2nd period - Stopped by Keith Kinkaid without a rebound.
9:22 of 2nd period - J.T. Miller wins face-off versus Sidney Crosby in Panthers zone.
9:37 of 2nd period - Wrist shot by Evander Kane.
9:37 of 2nd period - Shot Misses the Net.
10:30 of 2nd period - Mike Fisher is hit by Mike Leclerc and loses puck.
10:55 of 2nd period - Brendan Smith is hit by Evander Kane and loses puck.
11:02 of 2nd period - Wrist shot by Brendan Smith.
11:02 of 2nd period - Deflect By Sidney Crosby.
11:02 of 2nd period - Shot Misses the Net.
11:02 of 2nd period - Puck is out of play.
11:03 of 2nd period - Scott Gomez wins face-off versus Brandon Sutter in Sabres zone.
11:10 of 2nd period - Slapshot by Zach Bogosian.
11:10 of 2nd period - Stopped by Keith Kinkaid without a rebound.
11:11 of 2nd period - Scott Gomez wins face-off versus Brandon Sutter in Panthers zone.
11:16 of 2nd period - Snap shot by Scott Gomez.
11:16 of 2nd period - Stopped by Jonas Hiller with a rebound.
11:39 of 2nd period - Brandon Sutter is hit by Scott Gomez and loses puck.
12:01 of 2nd period - Off-side.
12:02 of 2nd period - J.T. Miller wins face-off versus Sidney Crosby in neutral zone.
12:05 of 2nd period - Steve Montador is hit by Kyle Okposo and loses puck.
12:16 of 2nd period - Wrist shot by Sidney Crosby.
12:16 of 2nd period - Stopped by Jonas Hiller with a rebound.
12:18 of 2nd period - Slapshot by Sidney Crosby.
12:18 of 2nd period - Deflect By Randy Jones.
12:18 of 2nd period - Stopped by Jonas Hiller with a rebound.
12:35 of 2nd period - Wrist shot by Mike Fisher.
12:35 of 2nd period - Shot Blocked by Evander Kane.
12:37 of 2nd period - Snap shot by Mike Fisher.
12:37 of 2nd period - Stopped by Jonas Hiller with a rebound.
12:39 of 2nd period - Slapshot by Steve Montador.
12:39 of 2nd period - Deflect By Evander Kane.
12:39 of 2nd period - Stopped by Jonas Hiller without a rebound.
12:40 of 2nd period - Ryan O'Reilly wins face-off versus Sidney Crosby in Sabres zone.
12:53 of 2nd period - Wrist shot by Marian Hossa.
12:53 of 2nd period - Stopped by Jonas Hiller without a rebound.
12:54 of 2nd period - Brandon Sutter wins face-off versus Sidney Crosby in Sabres zone.
13:19 of 2nd period - J.T. Miller is hit by Loui Eriksson.
13:20 of 2nd period - Icing by J.T. Miller.
13:21 of 2nd period - Loui Eriksson wins face-off versus J.T. Miller in Sabres zone.
13:31 of 2nd period - Snap shot by Rob Scuderi.
13:31 of 2nd period - Deflect By J.T. Miller.
13:31 of 2nd period - Shot Misses the Net.
13:31 of 2nd period - Puck is out of play.
13:32 of 2nd period - J.T. Miller wins face-off versus Sidney Crosby in Panthers zone.
13:33 of 2nd period - Wrist shot by Evander Kane.
13:33 of 2nd period - Shot Misses the Net.
13:41 of 2nd period - Backhand shot by Evander Kane.
13:41 of 2nd period - Deflect By J.T. Miller.
13:41 of 2nd period - Shot Blocked by Marian Hossa.
13:41 of 2nd period - Puck is out of play.
13:42 of 2nd period - Sidney Crosby wins face-off versus J.T. Miller in Panthers zone.
13:42 of 2nd period - Sidney Crosby is hit by Randy Jones.
13:51 of 2nd period - Kyle Okposo and Brendan Smith fight to a draw.
13:51 of 2nd period - Penalty to Kyle Okposo for Fighting.
13:51 of 2nd period - Penalty to Brendan Smith for Fighting.
13:52 of 2nd period - Sidney Crosby wins face-off versus J.T. Miller in Sabres zone.
13:55 of 2nd period - Wrist shot by Guillaume Latendresse.
13:55 of 2nd period - Shot Blocked by Jared Cowen.
14:03 of 2nd period - Wrist shot by Ryan O'Reilly.
14:03 of 2nd period - Shot Misses the Net.
14:17 of 2nd period - Sergei Samsonov is hit by Brandon Sutter and loses puck.
14:46 of 2nd period - Snap shot by Jeff Tambellini.
14:46 of 2nd period - Stopped by Jonas Hiller without a rebound.
14:47 of 2nd period - J.T. Miller wins face-off versus Sidney Crosby in Sabres zone.
14:58 of 2nd period - Wrist shot by Evander Kane.
14:58 of 2nd period - Stopped by Keith Kinkaid with a rebound.
15:12 of 2nd period - Randy Jones is hit by Scott Gomez.
15:32 of 2nd period - Erik Christensen is hit by Jeff Tambellini and loses puck.
16:02 of 2nd period - Snap shot by J.T. Miller.
16:02 of 2nd period - Shot Misses the Net.
16:07 of 2nd period - Icing by Sidney Crosby.
16:08 of 2nd period - Zack Kassian wins face-off versus Sidney Crosby in Panthers zone.
16:09 of 2nd period - Snap shot by Brandon Sutter.
16:09 of 2nd period - Shot Misses the Net.
16:32 of 2nd period - Marian Hossa is hit by J.T. Miller and loses puck.
16:45 of 2nd period - Snap shot by Marian Hossa.
16:45 of 2nd period - Stopped by Jonas Hiller with a rebound.
16:47 of 2nd period - Slapshot by Steve Montador.
16:47 of 2nd period - Shot Blocked by Ryan O'Reilly.
16:49 of 2nd period - Snap shot by Sidney Crosby.
16:49 of 2nd period - Shot Misses the Net.
16:51 of 2nd period - Slapshot by Sidney Crosby.
16:51 of 2nd period - Shot Misses the Net.
16:55 of 2nd period - Snap shot by Sidney Crosby.
16:55 of 2nd period - Stopped by Jonas Hiller with a rebound.
16:57 of 2nd period - Snap shot by Steve Montador.
16:57 of 2nd period - Shot Blocked by Zach Bogosian.
17:05 of 2nd period - Wrist shot by Marian Hossa.
17:05 of 2nd period - Shot Misses the Net.
17:07 of 2nd period - Snap shot by Marian Hossa.
17:07 of 2nd period - Shot Misses the Net.
17:09 of 2nd period - Snap shot by Marian Hossa.
17:09 of 2nd period - Stopped by Jonas Hiller with a rebound.
17:11 of 2nd period - Slapshot by Steve Montador.
17:11 of 2nd period - Stopped by Jonas Hiller with a rebound.
17:13 of 2nd period - Wrist shot by Sidney Crosby.
17:13 of 2nd period - Shot Misses the Net.
17:15 of 2nd period - Backhand shot by Guillaume Latendresse.
17:15 of 2nd period - Stopped by Jonas Hiller without a rebound.
17:16 of 2nd period - Scott Gomez wins face-off versus Brandon Sutter in Sabres zone.
18:19 of 2nd period - Snap shot by Matt Martin.
18:19 of 2nd period - Stopped by Keith Kinkaid without a rebound.
18:20 of 2nd period - Brandon Sutter wins face-off versus Scott Gomez in Panthers zone.
18:35 of 2nd period - Icing by Rob Scuderi.
18:36 of 2nd period - Brandon Sutter wins face-off versus Sidney Crosby in Sabres zone.
18:36 of 2nd period - Brandon Sutter is hit by Guillaume Latendresse.
18:50 of 2nd period - Zack Kassian is hit by Guillaume Latendresse and loses puck.
19:02 of 2nd period - Icing by Randy Jones.
19:03 of 2nd period - Shawn Horcoff wins face-off versus Brandon Sutter in Sabres zone.
19:14 of 2nd period - Snap shot by Jeff Tambellini.
19:14 of 2nd period - Stopped by Jonas Hiller without a rebound.
19:15 of 2nd period - Sidney Crosby wins face-off versus J.T. Miller in Sabres zone.
19:40 of 2nd period - Patrik Elias is hit by Loui Eriksson and loses puck.
Goals for this period are 0 for Panthers vs 2 for Sabres.
Shots for this period are 15 for Panthers vs 12 for Sabres.
3rd period
0:01 of 3rd period - J.T. Miller wins face-off versus Sidney Crosby in neutral zone.
0:13 of 3rd period - Slapshot by J.T. Miller.
0:13 of 3rd period - Shot Misses the Net.
0:15 of 3rd period - Slapshot by Jared Cowen.
0:15 of 3rd period - Deflect By Evander Kane.
0:15 of 3rd period - Shot Blocked by Steve Montador.
0:15 of 3rd period - Puck is out of play.
0:16 of 3rd period - Scott Gomez wins face-off versus Ryan O'Reilly in Panthers zone.
0:18 of 3rd period - Minor Penalty to Brendan Smith for Hooking.
0:19 of 3rd period - Erik Christensen wins face-off versus Sidney Crosby in Panthers zone.
0:47 of 3rd period - Minor Penalty to Matt Martin for Holding.
0:48 of 3rd period - Sidney Crosby wins face-off versus Erik Christensen in Sabres zone.
0:57 of 3rd period - Wrist shot by Sidney Crosby.
0:57 of 3rd period - Stopped by Jonas Hiller with a rebound.
0:59 of 3rd period - Wrist shot by Sidney Crosby.
0:59 of 3rd period - Stopped by Jonas Hiller with a rebound.
1:23 of 3rd period - Mike Leclerc is hit by Sidney Crosby and loses puck.
1:42 of 3rd period - Snap shot by Evander Kane.
1:42 of 3rd period - Shot Blocked by Steve Montador.
1:56 of 3rd period - Jeff Tambellini is hit by Ryan O'Reilly and loses puck.
2:18 of 3rd period - Penalty to Brendan Smith is over, Brendan Smith is back on ice.
2:47 of 3rd period - Penalty to Matt Martin is over, Matt Martin is back on ice.
2:55 of 3rd period - Snap shot by Guillaume Latendresse.
2:55 of 3rd period - Shot Blocked by Evander Kane.
3:32 of 3rd period - Slapshot by Zack Kassian.
3:32 of 3rd period - Shot Misses the Net.
3:40 of 3rd period - Snap shot by Zack Kassian.
3:40 of 3rd period - Goal by Zack Kassian - Panthers : 0 - Sabres : 6.
3:41 of 3rd period - Ryan O'Reilly wins face-off versus Scott Gomez in neutral zone.
4:11 of 3rd period - Wrist shot by Mike Leclerc.
4:11 of 3rd period - Stopped by Keith Kinkaid without a rebound.
4:12 of 3rd period - Shawn Horcoff wins face-off versus Erik Christensen in Panthers zone.
4:27 of 3rd period - Snap shot by Erik Christensen.
4:27 of 3rd period - Goal by Erik Christensen - Panthers : 0 - Sabres : 7.
4:28 of 3rd period - Scott Gomez wins face-off versus J.T. Miller in neutral zone.
4:35 of 3rd period - Snap shot by Scott Gomez.
4:35 of 3rd period - Deflect By Sergei Samsonov.
4:35 of 3rd period - Stopped by Jonas Hiller with a rebound.
5:04 of 3rd period - Wrist shot by Patrik Elias.
5:04 of 3rd period - Stopped by Keith Kinkaid with a rebound.
5:12 of 3rd period - Minor Penalty to Rob Scuderi for Holding.
5:13 of 3rd period - Evander Kane wins face-off versus Sidney Crosby in Sabres zone.
5:13 of 3rd period - Evander Kane is hit by Guillaume Latendresse.
5:23 of 3rd period - Slapshot by Brendan Smith.
5:23 of 3rd period - Goal by Brendan Smith - Panthers : 1 - Sabres : 7.
5:24 of 3rd period - Sidney Crosby wins face-off versus J.T. Miller in neutral zone.
5:24 of 3rd period - Sidney Crosby is hit by Kyle Okposo.
5:28 of 3rd period - Snap shot by Guillaume Latendresse.
5:28 of 3rd period - Goal by Guillaume Latendresse - Panthers : 2 - Sabres : 7.
5:29 of 3rd period - Kyle Okposo wins face-off versus Guillaume Latendresse in neutral zone.
5:32 of 3rd period - Brendan Smith is hit by Kyle Okposo and loses puck.
5:45 of 3rd period - Snap shot by Evander Kane.
5:45 of 3rd period - Shot Misses the Net.
6:07 of 3rd period - Slapshot by Matt Martin.
6:07 of 3rd period - Stopped by Keith Kinkaid with a rebound.
6:09 of 3rd period - Minor Penalty to Steve Montador for Hooking.
6:10 of 3rd period - Erik Christensen wins face-off versus Sidney Crosby in Panthers zone.
6:45 of 3rd period - Slapshot by Zach Bogosian.
6:45 of 3rd period - Shot Misses the Net.
6:47 of 3rd period - Slapshot by Zach Bogosian.
6:47 of 3rd period - Shot Misses the Net.
7:39 of 3rd period - Icing by Erik Christensen.
7:40 of 3rd period - Evander Kane wins face-off versus Ryan Bayda in Sabres zone.
7:45 of 3rd period - Keith Ballard is hit by Evander Kane and loses puck.
7:56 of 3rd period - Snap shot by Matt Martin.
7:56 of 3rd period - Shot Misses the Net.
8:09 of 3rd period - Penalty to Steve Montador is over, Steve Montador is back on ice.
8:13 of 3rd period - Keith Ballard is hit by Zack Kassian and loses puck.
8:20 of 3rd period - Snap shot by Guillaume Latendresse.
8:20 of 3rd period - Stopped by Jonas Hiller with a rebound.
8:24 of 3rd period - Wrist shot by Guillaume Latendresse.
8:24 of 3rd period - Shot Misses the Net.
9:08 of 3rd period - Evander Kane is hit by Brendan Smith.
9:27 of 3rd period - Jared Cowen is hit by Ryan Bayda and loses puck.
9:42 of 3rd period - Brendan Smith is hit by Zack Kassian and loses puck.
10:08 of 3rd period - Erik Christensen is hit by Brad Stuart.
10:18 of 3rd period - J.T. Miller is hit by Brad Stuart and loses puck.
10:30 of 3rd period - Wrist shot by Sergei Samsonov.
10:30 of 3rd period - Shot Misses the Net.
10:36 of 3rd period - Brad Stuart is hit by Brandon Sutter and loses puck.
11:19 of 3rd period - Minor Penalty to Steve Montador for Holding.
11:20 of 3rd period - Evander Kane wins face-off versus Sidney Crosby in Panthers zone.
11:27 of 3rd period - Snap shot by Erik Christensen.
11:27 of 3rd period - Shot Misses the Net.
11:35 of 3rd period - Wrist shot by Evander Kane.
11:35 of 3rd period - Shot Misses the Net.
12:11 of 3rd period - Evander Kane is hit by Sergei Samsonov and loses puck.
12:54 of 3rd period - Matt Martin is hit by Guillaume Latendresse and loses puck.
13:11 of 3rd period - Randy Jones is hit by Jeff Tambellini and loses puck.
13:19 of 3rd period - Penalty to Steve Montador is over, Steve Montador is back on ice.
13:30 of 3rd period - Icing by Jordan Leopold.
13:31 of 3rd period - Shawn Horcoff wins face-off versus Ryan O'Reilly in Sabres zone.
13:34 of 3rd period - Snap shot by Shawn Horcoff.
13:34 of 3rd period - Shot Blocked by Jordan Leopold.
13:50 of 3rd period - Snap shot by Patrik Elias.
13:50 of 3rd period - Deflect By Jaromir Jagr.
13:50 of 3rd period - Stopped by Keith Kinkaid with a rebound.
13:52 of 3rd period - Slapshot by Randy Jones.
13:52 of 3rd period - Stopped by Keith Kinkaid with a rebound.
13:54 of 3rd period - Wrist shot by Ryan O'Reilly.
13:54 of 3rd period - Shot Blocked by Keith Ballard.
13:56 of 3rd period - Wrist shot by Jaromir Jagr.
13:56 of 3rd period - Shot Blocked by Shawn Horcoff.
13:58 of 3rd period - Snap shot by Patrik Elias.
13:58 of 3rd period - Shot Misses the Net.
14:00 of 3rd period - Slapshot by Randy Jones.
14:00 of 3rd period - Deflect By Jaromir Jagr.
14:00 of 3rd period - Stopped by Keith Kinkaid with a rebound.
14:02 of 3rd period - Slapshot by Jordan Leopold.
14:02 of 3rd period - Deflect By Jaromir Jagr.
14:02 of 3rd period - Shot Blocked by Keith Ballard.
14:02 of 3rd period - Puck is out of play.
14:03 of 3rd period - Kyle Okposo wins face-off versus Sidney Crosby in Panthers zone.
14:16 of 3rd period - Snap shot by Sidney Crosby.
14:16 of 3rd period - Stopped by Jonas Hiller with a rebound.
15:15 of 3rd period - Brad Stuart is hit by Jaromir Jagr and loses puck.
15:53 of 3rd period - Matt Martin is hit by Sergei Samsonov and loses puck.
16:39 of 3rd period - Snap shot by Jeff Tambellini.
16:39 of 3rd period - Shot Blocked by Rob Scuderi.
16:53 of 3rd period - Brendan Smith is hit by J.T. Miller and loses puck.
17:02 of 3rd period - Wrist shot by Guillaume Latendresse.
17:02 of 3rd period - Stopped by Jonas Hiller without a rebound.
17:03 of 3rd period - Brandon Sutter wins face-off versus Marian Hossa in Sabres zone.
17:16 of 3rd period - Snap shot by Zack Kassian.
17:16 of 3rd period - Shot Blocked by Guillaume Latendresse.
17:30 of 3rd period - Scott Gomez is hit by Kyle Okposo and loses puck.
17:51 of 3rd period - Jeff Tambellini is hit by Ryan O'Reilly and loses puck.
18:10 of 3rd period - Slapshot by Jordan Leopold.
18:10 of 3rd period - Stopped by Keith Kinkaid with a rebound.
18:18 of 3rd period - Wrist shot by Erik Christensen.
18:18 of 3rd period - Deflect By Alexander Perezhogin.
18:18 of 3rd period - Stopped by Keith Kinkaid without a rebound.
18:19 of 3rd period - J.T. Miller wins face-off versus Sidney Crosby in Panthers zone.
18:22 of 3rd period - Snap shot by Kyle Okposo.
18:22 of 3rd period - Shot Misses the Net.
18:24 of 3rd period - Snap shot by J.T. Miller.
18:24 of 3rd period - Shot Misses the Net.
18:30 of 3rd period - Slapshot by Kyle Okposo.
18:30 of 3rd period - Stopped by Keith Kinkaid with a rebound.
18:32 of 3rd period - Slapshot by Jared Cowen.
18:32 of 3rd period - Shot Blocked by Keith Aulie.
18:34 of 3rd period - Wrist shot by Kyle Okposo.
18:34 of 3rd period - Goal by Kyle Okposo - Panthers : 2 - Sabres : 8.
18:35 of 3rd period - Sidney Crosby wins face-off versus J.T. Miller in neutral zone.
18:38 of 3rd period - Snap shot by Marian Hossa.
18:38 of 3rd period - Shot Blocked by J.T. Miller.
19:00 of 3rd period - Matt Martin is hit by Sergei Samsonov and loses puck.
19:06 of 3rd period - Off-side.
19:07 of 3rd period - J.T. Miller wins face-off versus Scott Gomez in neutral zone.
19:18 of 3rd period - Snap shot by Kyle Okposo.
19:18 of 3rd period - Shot Blocked by Sergei Samsonov.
19:20 of 3rd period - Wrist shot by Kyle Okposo.
19:20 of 3rd period - Goal by Kyle Okposo - Panthers : 2 - Sabres : 9.
19:21 of 3rd period - J.T. Miller wins face-off versus Sidney Crosby in neutral zone.
Goals for this period are 2 for Panthers vs 4 for Sabres.
Shots for this period are 8 for Panthers vs 13 for Sabres.
Back to the Top